 Seeded DCSS version 0.31-a0-620-gd1cbd99268 (webtiles) character file.

Game seed: 13940975413841313192 (custom seed)

834 zenocrate the Changeling (level 7, -4/41 HPs)
             Began as an Octopode Shapeshifter on Aug 23, 2023.
             Was an Initiate of Gozag.
             Slain by an orc warrior
             ... wielding a +0 trident
              (13 damage)
             ... on level 6 of the Dungeon on Aug 24, 2023.
             The game lasted 00:05:23 (4623 turns).

zenocrate the Changeling (Octopode Shapeshifter)    Turns: 4623, Time: 00:05:23

Health: -4/41      AC:  1    Str: 14    XL:     7   Next: 98%
Magic:  7/7        EV: 14    Int: 10    God:    Gozag
Gold:   381        SH:  0    Dex: 27    Spells: 6/6 levels left

rFire   . .          .
                       - Unarmed
rCold   . . .        (shield currently unavailable)
rNeg    . . .        (helmet restricted)
rPois   .            (no amulet)
rElec   .            d - +6 ring of dexterity
rCorr   .            l - +6 ring of dexterity
SInv    .            (no ring)
Will    .....        (no ring)
Stlth   ++           (no ring)
HPRegen 0.26/turn    (no ring)
MPRegen 0.10/turn    (no ring)
                     (no ring)

%: no passive effects
@: flux-form, gold aura, glowing
A: glow, contaminating, reduced hp, almost no armour, amphibious, 8 rings,
camouflage 1, gelatinous body 1, (nimble swimmer 1), tentacles
a: Begin Untransformation, Renounce Religion, Potion Petition, Call Merchant,
Bribe Branch


You were on level 6 of the Dungeon.
You worshipped Gozag.
Gozag was aware of your devotion.
You were something dangerously unstable.
You visited 2 branches of the dungeon, and saw 7 of its levels.

You collected 420 gold pieces.
You paid 39 gold pieces to Gozag.

Inventory:

Missiles
 g - 7 poisoned darts (quivered)
 h - a throwing net
 n - 6 boomerangs
 r - 3 atropa-tipped darts
Jewellery
 d - a +6 ring of dexterity (left tentacle)
 l - a +6 ring of dexterity (right tentacle)
 s - a ring of ice
 w - a +5 ring of evasion
Talismans
 b - a beast talisman
 c - a flux talisman (active)
 p - a serpent talisman
 q - a granite talisman
Wands
 v - a wand of iceblast (10)
Scrolls
 e - a scroll of identify
 m - 2 scrolls of teleportation
 u - a scroll of fear
Potions
 a - a potion of lignification
 f - 2 potions of enlightenment
 i - 3 potions of might
 j - a potion of mutation
 k - 4 potions of curing
 o - a potion of ambrosia
 t - 2 potions of heal wounds


   Skills:
 - Level 1.0 Fighting
 - Level 2.0 Dodging
 - Level 2.0 Stealth
 * Level 6.3 Unarmed Combat
 + Level 6.6 Shapeshifting


You had 6 spell levels left.
You didn't know any spells.
Your spell library contained the following spells:

 Spells                   Type           Power      Damage    Failure   Level
 Freeze                   Ice            0%         1d3       36%         1
 Necrotise                Necr           0%         1d4       36%         1
 Frozen Ramparts          Ice            0%         1d1       75%         3
 Hailstorm                Conj/Ice       0%         3d3       75%         3
 Summon Guardian Golem    Hex/Summ       0%         N/A       75%         3
 Vampiric Draining        Necr           0%         2d6       75%         3
 Agony                    Necr           0%         N/A       100%        5
 Orb of Destruction       Conj           0%         9d5       100%        7
 Spellforged Servitor     Conj/Summ      0%         N/A       100%        7


Dungeon Overview and Level Annotations

Branches:
Dungeon (6/15)             Temple (1/1) D:4

Altars:
Ashenzari
Dithmenos
Fedhas
Gozag
Hepliaklqana
Kikubaaqudgha
Makhleb
Nemelex Xobeh
Okawaru
Qazlal
Ru
Trog
Uskayaw
Vehumet
Wu Jian
Xom
Yredelemnul
Zin


Innate Abilities, Weirdness & Mutations

You are something dangerously unstable.
You glow with magical radiation, making you easy to see and hit.
Foes you strike become dangerously contaminated with magical radiation.
Your maximum health is decreased, since you lack skill for your form.
You are incapable of wielding weapons or throwing items.
You cannot wear most types of armour.
You are amphibious.
You can wear up to eight rings at the same time.
Your skin changes colour to match your surroundings (Stealth+).
Your rubbery body absorbs attacks. (AC +1, EV +1)
((You are camouflaged when in or above water. (Stealth+)))
You have tentacles for arms and can constrict up to eight enemies at once.


Message History

Found a stone staircase leading down.
The orc wizard shouts!
An orc comes into view. It is wielding a +0 club.
The orc wizard casts a spell at you. You resist with some effort.
There are monsters nearby!
An orc warrior comes into view. It is wielding a +0 trident.
The orc shouts!
There are monsters nearby!
The orc hits you with a +0 short sword.
The orc shouts!
You tentacle-slap the orc.
The orc begins to glow.
Your grab misses the orc. You squeeze the orc.
You kill the orc!
You tentacle-slap the orc.
The orc begins to glow.
Your grab misses the orc.
The orc is heavily wounded.
The orc is distracted by your dazzling golden aura.
The orc hits you with a +0 club.
You tentacle-slap the orc.
You kill the orc!
The orc wizard is distracted by your dazzling golden aura.
The orc is no longer distracted by gold.
The orc warrior hits you with a +0 trident.
Things that are here:
9 gold pieces; a +0 short sword; a +0 chain mail You closely miss the orc wizard.
The orc wizard is no longer distracted by gold.
You grab the orc wizard. You constrict the orc wizard.
The orc wizard hits you with a +0 dagger.
The orc hits you with a +0 club.
The orc warrior hits you with a +0 trident!
You tentacle-slap the orc warrior but do no damage.
The orc warrior begins to glow.
You grab the orc warrior.
You constrict the orc warrior, but do no damage.
You constrict the orc wizard.
The orc wizard hits you with a +0 dagger.
* * * LOW HITPOINT WARNING * * *
The orc warrior hits you with a +0 trident!
You die...
Your body crumbles into a pile of gold.

#### ## #..## ..#
##...#### ...##>......##
.............#
.............#
.###..ooo...# .......B$#
## .........# ###.
.........##### ###...
......##..#..# ###...##
........#....####...####
........#....##...#####.
........#.......#####...
............#.#####...##
........#...#.###...###


You could see an orc warrior (contam), an orc wizard and an orc.

Vanquished Creatures
  A water moccasin (D:4)
  Duvessa (D:5)
  A black bear (D:4)
  2 scorpions
  Dowan (D:5)
  2 howler monkeys
  A hound (D:5)
  2 jellies (D:5)
  An iguana (D:5)
  A sleepcap (D:4)
  8 adders
  2 worms
  3 orcs
  11 endoplasms
  2 giant cockroaches (D:5)
  5 goblins
  8 hobgoblins
  7 quokkas
  5 ball pythons
  2 bats
  A frilled lizard (D:2)
  6 kobolds
  5 rats
78 creatures vanquished.

Notes
Turn   | Place    | Note
-------+----------+-------------------------------------------
     0 | D:1      | zenocrate the Octopode Shapeshifter began the quest for the
                  | Orb.
     0 | D:1      | Reached XP level 1. HP: 13/13 MP: 1/1
   170 | D:1      | Reached XP level 2. HP: 14/18 MP: 2/2
   764 | D:2      | Reached XP level 3. HP: 23/23 MP: 3/3
   887 | D:2      | Found an ornate altar of the Wu Jian Council.
  1205 | D:2      | Reached XP level 4. HP: 22/28 MP: 4/4
  1727 | D:3      | Found a stormy altar of Qazlal.
  2190 | D:4      | Noticed a scorpion
  2197 | D:4      | Killed a scorpion
  2198 | D:4      | Reached XP level 5. HP: 33/33 MP: 5/5
  2211 | D:4      | Found a staircase to the Ecumenical Temple.
  2356 | D:4      | Noticed a black bear
  2359 | D:4      | Reached skill level 5 in Shapeshifting
  2362 | D:4      | Killed a black bear
  2363 | D:4      | Reached XP level 6. HP: 9/38 MP: 6/6
  2373 | D:4      | Noticed a water moccasin
  2374 | D:4      | Found a bloodstained altar of Trog.
  2400 | Temple   | Entered the Ecumenical Temple
  2485 | Temple   | Became a worshipper of Gozag Ym Sagoz the Greedy
  2530 | D:4      | Found a shadowy altar of Dithmenos.
  2787 | D:4      | Killed a water moccasin
  2788 | D:4      | Reached skill level 5 in Unarmed Combat
  2978 | D:4      | Found an iron altar of Okawaru.
  3344 | D:5      | Entered Level 5 of the Dungeon
  3357 | D:5      | Reached XP level 7. HP: 42/43 MP: 7/7
  3407 | D:5      | Noticed Duvessa
  3410 | D:5      | Noticed Dowan
  3421 | D:5      | Killed Duvessa
  3425 | D:5      | Killed Dowan
  3523 | D:5      | Found a broken altar of Ashenzari.
  3671 | D:5      | Found a radiant altar of Vehumet.
  3783 | D:5      | Reached skill level 1 in Stealth
  4623 | D:6      | Slain by an orc warrior

Illustrated notes

Levels and vault maps discovered:
D:1:      lightli_arrival_quake, layout_rooms, minmay_tetromino_o2
D:2:      layout_basic, basic_altar
D:3:      layout_loops_ring, mainiacjoe_overflow_paths
D:4:      layout_loops_corners, mainiacjoe_overflow_tiny_flanked,
          nicolae_dithmenos_the_darkroom, bloody_trog,
          minmay_temple_entry_arrows
D:5:      layout_basic, mainiacjoe_overflow_six_doors_small,
          evilmike_ruin_ashenzari, gup_sewer_entry_pipe,
          minmay_misc_feat_ornament, hangedman_decor_diamond_cutter,
          minivault_14, uniq_duvessa
D:6:      minmay_chambers_of_sixes, layout_cave_pools, nicolae_benzene_ring,
          hangedman_decor_points, minmay_misc_feat_cross
Temple:   hellmonk_temple_flake

Skill      XL: |  1  2  3  4  5  6  7 |
---------------+----------------------+-----
Shapeshifting  | 4 5 6 |  6.6
Unarmed Combat | 4 5 6 |  6.3
Stealth        | 2 |  2.0
Fighting       | |  1.0
Dodging        | |  2.0

Action                     |  1- 3 |  4- 6 |  7- 9 || total
---------------------------+-------+-------+-------++-------
  Melee: Unarmed           |    60 |    57 |    51 ||   168
         Tentacles         |     6 |    17 |     9 ||    32
         Constrict         |    10 |    16 |    11 ||    37
         Punch             |       |     2 |     4 ||     6
    Use: Scroll            |     3 |     5 |     2 ||    10
         Potion            |     2 |       |     1 ||     3
   Stab: Sleeping          |     7 |     6 |     8 ||    21
         Distracted        |       |       |     2 ||     2
 Armour: Skin              |     2 |     2 |    11 ||    15
  Dodge: Dodged            |    27 |    33 |    21 ||    81
   Form: Flux              |       |       |     1 ||     1

Table legend: (Time is in decaauts)
 A = Elapsed time spent in this place.
 B = Non-inter-level travel time spent in this place.
 C = Inter-level travel time spent in this place.
 D = Time resting spent in this place.
 E = Time spent auto-exploring this place.
 F = Levels seen in this place.
 G = Mean time per level.
                   A        B        C        D        E       F      G
               +--------+--------+--------+--------+--------+-----+--------+
         Total |   4606 |   4400 |    206 |      0 |   3721 |   7 |  658.0 |
       Dungeon |   4511 |   4313 |    198 |      0 |   3645 |   6 |  751.8 |
        Temple |     95 |     87 |      8 |      0 |     76 |   1 |   95.0 |
               +--------+--------+--------+--------+--------+-----+--------+

Top non-repeatable levels by time:
     D:5: 1100 daAuts
     D:4: 1054 daAuts
     D:2: 943 daAuts
     D:3: 689 daAuts
     D:1: 550 daAuts
     D:6: 172 daAuts
  Temple: 95 daAuts
